 Dungeon Crawl Stone Soup version 0.26-a0-1053-gaff5f71418 (webtiles) character file.

Game seed: 2776483049279736765

2 stormannn the Stinger (level 1, 0/10 HPs)
             Began as a Deep Elf Venom Mage on Dec 12, 2020.
             Slain by a hobgoblin (2 damage)
             ... on level 1 of the Dungeon.
             The game lasted 00:00:21 (144 turns).

stormannn the Stinger (Deep Elf Venom Mage)          Turns: 144, Time: 00:00:21

Health: 0/10       AC:  2    Str:  5    XL:     1   Next: 33%
Magic:  0/6        EV: 13    Int: 19    God:
Gold:   15         SH:  0    Dex: 15    Spells: 5/6 levels left

rFire    . . .     SeeInvis .   (no weapon)
rCold    . . .     Faith    .   (no shield)
rNeg     . . .     Spirit   .   a - +0 robe
rPois    .         Reflect  .   (no helmet)
rElec    .         Harm     .   (no cloak)
rCorr    .         Rampage  .   (no gloves)
Will     .....                  (no boots)
Stlth    ++........             (no amulet)
HPRegen  0.03/turn              (no ring)
MPRegen  0.10/turn              (no ring)

@: no status effects
A: no striking features
a: no special abilities


You were on level 1 of the Dungeon.
You visited 1 branch of the dungeon, and saw 1 of its levels.

You collected 15 gold pieces.

Inventory:

Armour
 a - a +0 robe (worn)


   Skills:
 * Level 2.5 Dodging
 - Level 2.4 Stealth
 + Level 3.0 Spellcasting
 + Level 1.2 Transmutations
 + Level 3.3 Poison Magic


You had 5 spell levels left.
You knew the following spells:

 Your Spells              Type           Power        Failure   Level
a - Sting                 Tmut/Pois      ##..         6%          1

Your spell library contained the following spells:

 Spells                   Type           Power        Failure   Level
 Poisonous Vapours        Pois/Air       #.....       12%         2
 Ignite Poison            Fire/Tmut/Pois #.......     24%         3
 Mephitic Cloud           Conj/Pois/Air  #.......     28%         3
 Olgreb's Toxic Radiance  Pois           ###.....     36%         4


Dungeon Overview and Level Annotations

Branches:
Dungeon (1/15)

Altars:


Message History

The sting hits the hobgoblin but does no damage.
The hobgoblin looks even sicker.
The hobgoblin barely misses you.
You are too injured to fight recklessly!
Casting: Sting (safe; 6% risk of failure)
Confirm with . or Enter, or press ? or * to list all spells.
Aiming: Sting (safe; 6% risk of failure)
Press: ? - help, Shift-Dir - straight line, f/p - hobgoblin
Aim: a hobgoblin, wearing a +0 robe and quivering 11 stones (moderately wounded, very poisoned, 29% to evade)
The sting misses the hobgoblin.
The hobgoblin barely misses you.
You are too injured to fight recklessly!
Casting: Sting (safe; 6% risk of failure)
Confirm with . or Enter, or press ? or * to list all spells.
Aiming: Sting (safe; 6% risk of failure)
Press: ? - help, Shift-Dir - straight line, f/p - hobgoblin
Aim: a hobgoblin, wearing a +0 robe and quivering 11 stones (moderately wounded, very poisoned, 29% to evade)
The sting hits the hobgoblin but does no damage.
The hobgoblin looks even sicker.
The hobgoblin is moderately wounded.
The hobgoblin hits you.
You die...

##.#....#.#.#######
# #........^......
#..†#...........
#...#........... #
#...#..#.#########
#.#...#.............
....................
.##...##............
......g@...#########
########...........
#...........
#...........
###.).......
#>........
#.........
#.......?.
#.........


You could see a hobgoblin (very poisoned).

Vanquished Creatures
  A hobgoblin (D:1)
  A kobold (D:1)
2 creatures vanquished.

Notes
Turn   | Place    | Note
-------+----------+-------------------------------------------
     0 | D:1      | stormannn the Deep Elf Venom Mage began the quest for the
                  | Orb.
     0 | D:1      | Reached XP level 1. HP: 10/10 MP: 6/6
   144 | D:1      | Slain by a hobgoblin

Illustrated notes

Levels and vault maps discovered:
D:1:      lemuel_arrival_funnel, layout_basic

Action                   || total
-------------------------++-------
Melee: Unarmed           ||     1
 Cast: Sting             ||    11
Armor: Robe              ||     1
Dodge: Dodged            ||     4

Table legend: (Time is in decaauts)
 A = Elapsed time spent in this place.
 B = Non-inter-level travel time spent in this place.
 C = Inter-level travel time spent in this place.
 D = Time resting spent in this place.
 E = Time spent auto-exploring this place.
 F = Levels seen in this place.
 G = Mean time per level.
                   A        B        C        D        E       F      G
               +--------+--------+--------+--------+--------+-----+--------+
         Total |    144 |    144 |      0 |      0 |    119 |   1 |  144.0 |
       Dungeon |    144 |    144 |      0 |      0 |    119 |   1 |  144.0 |
               +--------+--------+--------+--------+--------+-----+--------+

Top non-repeatable levels by time:
     D:1: 144 daAuts
